[ AOE2 MATCH · #473616745 ]
UnrankedKoreans vs Persians
[ REPLAY ANALYSIS · EXTRACTED FROM THE RECORDED GAME ]
Feudal
—
Castle
—
Imperial
—
| APM avg | 36.2 |
| APM peak | 71 |
| eAPM avg | 7.8 |
| Villagers / military | 17 / 0 |
Focus
⚔️ 7.3% · 🌾 92.7%
Feudal
—
Castle
—
Imperial
—
| APM avg | 48.4 |
| APM peak | 63 |
| eAPM avg | 15.1 |
| Villagers / military | 30 / 0 |
Focus
⚔️ 28.3% · 🌾 71.7%
Feudal
—
Castle
—
Imperial
—
| APM avg | 50.9 |
| APM peak | 104 |
| eAPM avg | 18.7 |
| Villagers / military | 24 / 0 |
Focus
⚔️ 20.2% · 🌾 79.8%
Feudal
—
Castle
—
Imperial
—
| APM avg | 34.5 |
| APM peak | 70 |
| eAPM avg | 14.1 |
| Villagers / military | 17 / 0 |
Focus
⚔️ 27.3% · 🌾 72.7%
Feudal
—
Castle
—
Imperial
—
| APM avg | 44.5 |
| APM peak | 64 |
| eAPM avg | 15.2 |
| Villagers / military | 23 / 2 |
Focus
⚔️ 23.9% · 🌾 76.1%
Militia ×2
Feudal
—
Castle
—
Imperial
—
| APM avg | 79.1 |
| APM peak | 121 |
| eAPM avg | 19.8 |
| Villagers / military | 22 / 0 |
Focus
⚔️ 35.6% · 🌾 64.4%
Feudal
—
Castle
—
Imperial
—
| APM avg | 91.9 |
| APM peak | 114 |
| eAPM avg | 29.1 |
| Villagers / military | 24 / 0 |
Focus
⚔️ 22.6% · 🌾 77.4%
Feudal
—
Castle
—
Imperial
—
| APM avg | 29.0 |
| APM peak | 60 |
| eAPM avg | 13.4 |
| Villagers / military | 24 / 0 |
Focus
⚔️ 15.2% · 🌾 84.8%
Match map
Initial resources + every placement click. Lines = walls · curves = elevation contours. ◆ gold · ⬟ stone · ● berries · ✦ relic · ◌ wall gap
Your base
T91Official's base
江哥's base
ePsilon's base
断刀客's base
manfred_the_pig's base
Workflow's base
Peppe L-G's base
Smoothed initial terrain · ◌ = detected wall gap · hover for details
Inputs per minute
— 2468899547 - - T91Official
Build order — 2468899547
24 actions detected in the replay
| 0:01 | Create | Villager (Male) |
| 0:01 | Create | Villager (Male) |
| 0:02 | Create | Villager (Male) |
| 0:02 | Build | House |
| 0:04 | Build | House |
| 0:32 | Create | Villager (Male) |
| 1:31 | Create | Villager (Male) |
| 2:03 | Create | Villager (Male) |
| 2:22 | Build | Lumber Camp |
| 2:25 | Create | Villager (Male) |
| 2:53 | Create | Villager (Male) |
| 2:53 | Create | Villager (Male) |
| 3:01 | Create | Villager (Male) |
| 3:21 | Build | House |
| 3:32 | Create | Villager (Male) |
| 3:33 | Create | Villager (Male) |
| 4:09 | Create | Villager (Male) |
| 4:54 | Create | Villager (Male) |
| 5:21 | Create | Villager (Male) |
| 5:30 | Build | Mining Camp |
| 5:36 | Research | Loom |
| 6:30 | Create | Villager (Male) |
| 6:35 | Build | Mill |
| 6:41 | Create | Villager (Male) |
Build order — T91Official
37 actions detected in the replay
| 0:02 | Create | Villager (Male) ×5 |
| 0:04 | Build | House |
| 0:05 | Build | House |
| 1:27 | Create | Villager (Male) |
| 1:27 | Create | Villager (Male) |
| 1:27 | Create | Villager (Male) |
| 1:54 | Build | Lumber Camp |
| 2:24 | Create | Villager (Male) |
| 2:24 | Create | Villager (Male) |
| 2:24 | Create | Villager (Male) |
| 2:25 | Create | Villager (Male) |
| 2:44 | Build | House |
| 2:53 | Build | Palisade Wall |
| 3:00 | Create | Villager (Male) |
| 3:01 | Create | Villager (Male) |
| 3:01 | Create | Villager (Male) |
| 3:25 | Create | Villager (Male) |
| 3:25 | Create | Villager (Male) |
| 3:41 | Create | Villager (Male) |
| 3:41 | Create | Villager (Male) |
| 3:41 | Create | Villager (Male) |
| 4:09 | Build | Mill |
| 4:25 | Create | Villager (Male) |
| 4:25 | Create | Villager (Male) |
| 4:26 | Create | Villager (Male) |
| 4:26 | Create | Villager (Male) |
| 4:54 | Create | Villager (Male) |
| 4:54 | Create | Villager (Male) |
| 4:55 | Create | Villager (Male) |
| 4:55 | Create | Villager (Male) |
| 4:55 | Create | Villager (Male) |
| 6:17 | Research | Loom |
| 6:30 | Create | Villager (Male) |
| 6:45 | Research | Feudal Age |
| 6:46 | Research | Feudal Age |
| 6:46 | Research | Feudal Age |
| 7:20 | Build | Barracks |
Build order — 江哥
33 actions detected in the replay
| 0:02 | Create | Villager (Male) |
| 0:02 | Create | Villager (Male) |
| 0:03 | Create | Villager (Male) |
| 0:03 | Create | Villager (Male) |
| 0:03 | Create | Villager (Male) |
| 0:05 | Build | House |
| 0:07 | Build | House |
| 0:11 | Build | House |
| 1:30 | Create | Villager (Male) |
| 1:30 | Create | Villager (Male) |
| 1:30 | Create | Villager (Male) |
| 2:15 | Create | Villager (Male) |
| 2:15 | Create | Villager (Male) |
| 2:45 | Create | Villager (Male) |
| 2:45 | Create | Villager (Male) |
| 2:46 | Create | Villager (Male) |
| 2:53 | Build | Lumber Camp |
| 3:32 | Build | House |
| 3:36 | Create | Villager (Male) |
| 3:36 | Create | Villager (Male) |
| 3:36 | Create | Villager (Male) |
| 3:57 | Create | Villager (Male) |
| 3:57 | Create | Villager (Male) |
| 4:27 | Create | Villager (Male) |
| 4:27 | Create | Villager (Male) |
| 4:53 | Create | Villager (Male) |
| 4:53 | Create | Villager (Male) |
| 5:02 | Build | Mill |
| 5:02 | Create | Villager (Male) |
| 5:02 | Create | Villager (Male) |
| 6:25 | Research | Loom |
| 6:47 | Build | House |
| 7:03 | Research | Feudal Age |
Build order — ePsilon
28 actions detected in the replay
| 0:00 | Create | Villager (Male) |
| 0:02 | Build | House |
| 0:09 | Create | Villager (Male) |
| 0:10 | Create | Villager (Male) |
| 0:15 | Create | Villager (Male) |
| 0:26 | Build | Mill |
| 1:28 | Build | House |
| 1:36 | Create | Villager (Male) |
| 2:01 | Create | Villager (Male) |
| 2:26 | Create | Villager (Male) |
| 2:53 | Create | Villager (Male) |
| 2:54 | Create | Villager (Male) |
| 3:05 | Create | Villager (Male) |
| 3:23 | Build | House |
| 3:51 | Create | Villager (Male) |
| 4:02 | Build | House |
| 4:05 | Create | Villager (Male) |
| 4:19 | Create | Villager (Male) |
| 4:31 | Create | Villager (Male) |
| 5:23 | Build | Lumber Camp |
| 5:28 | Create | Villager (Male) |
| 5:39 | Create | Villager (Male) |
| 6:20 | Build | Farm |
| 6:39 | Create | Villager (Male) |
| 6:43 | Build | Farm |
| 7:06 | Research | Feudal Age |
| 7:43 | Build | Barracks |
| 7:47 | Build | House |
Build order — 断刀客
35 actions detected in the replay
| 0:01 | Create | Villager (Male) |
| 0:01 | Create | Villager (Male) |
| 0:03 | Build | House |
| 0:06 | Build | House |
| 0:14 | Create | Villager (Male) |
| 0:15 | Create | Villager (Male) |
| 1:23 | Create | Villager (Male) |
| 1:24 | Create | Villager (Male) |
| 1:47 | Build | Lumber Camp |
| 1:56 | Build | Lumber Camp |
| 2:00 | Create | Villager (Male) |
| 2:00 | Create | Villager (Male) |
| 2:16 | Create | Villager (Male) |
| 2:16 | Create | Villager (Male) |
| 2:46 | Create | Villager (Male) |
| 3:02 | Create | Villager (Male) |
| 3:25 | Build | House |
| 3:29 | Create | Villager (Male) |
| 3:29 | Create | Villager (Male) |
| 4:17 | Create | Villager (Male) |
| 4:17 | Create | Villager (Male) |
| 4:20 | Build | Barracks |
| 4:50 | Create | Villager (Male) |
| 5:00 | Build | House |
| 5:05 | Create | Villager (Male) |
| 5:14 | Create | Villager (Male) |
| 5:25 | Create | Militia |
| 5:29 | Create | Militia |
| 5:42 | Build | Mill |
| 5:52 | Create | Villager (Male) |
| 6:15 | Create | Villager (Male) |
| 6:15 | Create | Villager (Male) |
| 6:25 | Build | Mill |
| 6:44 | Create | Villager (Male) |
| 7:04 | Research | Loom |
Build order — manfred_the_pig
30 actions detected in the replay
| 0:01 | Create | Villager (Male) |
| 0:01 | Create | Villager (Male) |
| 0:01 | Create | Villager (Male) |
| 0:01 | Create | Villager (Male) |
| 0:01 | Create | Villager (Male) |
| 0:03 | Build | House |
| 0:04 | Build | House |
| 1:25 | Create | Villager (Male) |
| 1:25 | Create | Villager (Male) |
| 2:00 | Build | Lumber Camp |
| 2:03 | Create | Villager (Male) |
| 2:03 | Create | Villager (Male) |
| 2:11 | Create | Villager (Male) |
| 2:41 | Create | Villager (Male) |
| 3:19 | Create | Villager (Male) |
| 3:19 | Create | Villager (Male) |
| 3:32 | Build | House |
| 3:40 | Create | Villager (Male) |
| 3:40 | Create | Villager (Male) |
| 3:54 | Create | Villager (Male) |
| 4:04 | Create | Villager (Male) |
| 4:05 | Create | Villager (Male) |
| 4:14 | Create | Villager (Male) |
| 4:41 | Create | Villager (Male) |
| 4:58 | Build | Mining Camp |
| 5:30 | Create | Villager (Male) |
| 5:42 | Research | Loom |
| 5:47 | Create | Villager (Male) |
| 5:47 | Research | Loom |
| 6:42 | Research | Feudal Age |
Build order — Workflow
32 actions detected in the replay
| 0:01 | Create | Villager (Male) |
| 0:01 | Create | Villager (Male) |
| 0:03 | Build | House |
| 0:04 | Build | House |
| 0:07 | Create | Villager (Male) |
| 0:07 | Create | Villager (Male) |
| 0:15 | Create | Villager (Male) |
| 0:15 | Create | Villager (Male) |
| 1:29 | Create | Villager (Male) |
| 2:02 | Create | Villager (Male) |
| 2:08 | Create | Villager (Male) |
| 2:09 | Create | Villager (Male) |
| 2:42 | Build | Mill |
| 2:48 | Create | Villager (Male) |
| 3:03 | Create | Villager (Male) |
| 3:03 | Create | Villager (Male) |
| 3:20 | Build | House |
| 3:29 | Create | Villager (Male) |
| 3:43 | Create | Villager (Male) |
| 3:43 | Create | Villager (Male) |
| 4:01 | Create | Villager (Male) |
| 4:34 | Build | Lumber Camp |
| 4:47 | Create | Villager (Male) |
| 5:04 | Create | Villager (Male) |
| 5:05 | Create | Villager (Male) |
| 5:05 | Create | Villager (Male) |
| 5:08 | Create | Villager (Male) |
| 5:08 | Create | Villager (Male) |
| 5:30 | Create | Villager (Male) |
| 5:38 | Research | Loom |
| 6:34 | Research | Feudal Age |
| 7:23 | Build | Barracks |
Build order — Peppe L-G
33 actions detected in the replay
| 0:01 | Create | Villager (Male) |
| 0:01 | Create | Villager (Male) |
| 0:02 | Build | House |
| 0:04 | Build | House |
| 0:19 | Create | Villager (Male) |
| 0:19 | Create | Villager (Male) |
| 1:09 | Create | Villager (Male) |
| 1:09 | Create | Villager (Male) |
| 1:43 | Create | Villager (Male) |
| 1:43 | Create | Villager (Male) |
| 2:14 | Create | Villager (Male) |
| 2:14 | Create | Villager (Male) |
| 2:15 | Create | Villager (Male) |
| 2:27 | Build | Lumber Camp |
| 2:35 | Create | Villager (Male) |
| 2:35 | Create | Villager (Male) |
| 3:49 | Create | Villager (Male) |
| 3:49 | Create | Villager (Male) |
| 3:50 | Build | House |
| 4:10 | Create | Villager (Male) |
| 4:11 | Create | Villager (Male) |
| 4:20 | Create | Villager (Male) |
| 4:21 | Create | Villager (Male) |
| 4:33 | Build | Mill |
| 4:53 | Create | Villager (Male) |
| 4:54 | Create | Villager (Male) |
| 5:05 | Build | House |
| 5:09 | Create | Villager (Male) |
| 5:09 | Create | Villager (Male) |
| 6:09 | Research | Loom |
| 6:12 | Build | Mill |
| 6:38 | Create | Villager (Male) |
| 7:24 | Research | Feudal Age |
Match timeline
| 2:53 | T91Official · wall_segment Palisade Wall x1 |
| 4:20 | 断刀客 · first_building Barracks |
| 7:18 | 2468899547 · resign |
| 7:20 | T91Official · first_building Barracks |
| 7:23 | Workflow · first_building Barracks |
| 7:43 | ePsilon · first_building Barracks |
[ AI ANALYSIS · 1 CREDIT ]
What really happened in this match?
Wolo.gg analyzes every decision: build order, eco, micro, common mistakes by bracket. Personalized analysis on WhatsApp or Discord in 30 seconds.
Civ guide
Koreans
Perfil
Jugador #18631385